 Dungeon Crawl Stone Soup version 0.24.0-123-gd5b16e6ec5 (webtiles) character file.

Game seed: 11395179025245491767, levelgen mode: deterministic

441 Norian the Conjurer (level 6, -5/67 HPs)
             Began as a Draconian Conjurer on Dec 21, 2019.
             Slain by a bullfrog (7 damage)
             ... in a sewer.
             The game lasted 00:06:47 (3050 turns).

Norian the Conjurer (Draconian Conjurer)            Turns: 3050, Time: 00:06:47

Health: -5/67      AC:  6    Str: 15    XL:     6   Next: 71%
Magic:  5/12       EV: 12    Int: 18    God:
Gold:   203        SH:  0    Dex: 11    Spells: 5/14 levels left

rFire    . . .     SeeInvis .   n - +0 falchion
rCold    . . .     Gourm    .   (no shield)
rNeg     . . .     Faith    .   (armour unavailable)
rPois    .         Spirit   .   (helmet restricted)
rElec    .         Reflect  .   (no cloak)
rCorr    .         Harm     .   (no gloves)
MR       .....                  (no boots)
Stlth    ..........             e - amulet of magic regeneration
HPRegen  0.21/turn              (no ring)
MPRegen  0.38/turn              (no ring)

@: berserking (expiring), slow
A: unfitting armour, cold-blooded, AC +6
a: no special abilities


You were in a sewer.
You were not hungry.

You visited 2 branches of the dungeon, and saw 5 of its levels.
You also visited: Sewer.

You collected 203 gold pieces.

Inventory:

Hand Weapons
 n - a +0 falchion (weapon)
Jewellery
 e - an amulet of magic regeneration (around neck)
 h - an uncursed amulet of guardian spirit {unknown}
Wands
 p - a wand of random effects (15)
 r - a wand of digging (7)
Scrolls
 a - 3 scrolls of amnesia {unknown}
 c - 5 scrolls of remove curse {unknown}
 d - 2 scrolls of teleportation {unknown}
 f - 2 scrolls of random uselessness {unknown}
 k - a scroll of enchant armour {unknown}
 m - a scroll of identify {unknown}
 o - a scroll of enchant weapon {unknown}
Potions
 g - a potion of curing {unknown}
 i - a potion of heal wounds {unknown}
 j - a potion of might {unknown}
 l - a potion of mutation {unknown}
 q - a potion of lignification {unknown}
 s - a potion of berserk rage
 t - a potion of haste {unknown}
Comestibles
 b - 10 rations


   Skills:
 - Level 1.7 Dodging
 - Level 1.7 Stealth
 + Level 4.5 Spellcasting
 + Level 6.0 Conjurations
 + Level 2.4 Hexes


You had 5 spell levels left.
You knew the following spells:

 Your Spells              Type           Power        Failure   Level  Hunger
a - Magic Dart            Conj           ####         1%          1    None
b - Iskenderun's Mystic   Conj           ####....     12%         4    ####...
c - Fulminant Prism       Conj/Hex       ###.......   24%         4    ####...

Your spell library contained the following spells:

 Spells                   Type           Power        Failure   Level  Hunger
 Searing Ray              Conj           ####..       1%          2    #......
 Dazzling Spray           Conj/Hex       ###...       8%          3    ###....
 Force Lance              Conj/Tloc      ##......     38%         4    ####...


Dungeon Overview and Level Annotations

Branches:
Dungeon (4/15)             Temple (1/1) D:4           Sewer (1/1)

Altars:
Fedhas
Kikubaaqudgha
Makhleb
Nemelex Xobeh
Okawaru
Qazlal
Ru
Sif Muna
Trog
Uskayaw
Wu Jian
Xom
Yredelemnul
The Shining One
Jiyva

Annotations:
D:2 Terence


Innate Abilities, Weirdness & Mutations

Your plain brown scales are hard. (AC +6)
You cannot fit into any form of body armour.
You are cold-blooded and may be slowed by cold attacks.


Message History

Your unstable footing causes you to fumble your attack.
The bullfrog hits you!
* * * LOW HITPOINT WARNING * * *
The giant cockroach bites you but does no damage.
You slash the giant cockroach!
You kill the giant cockroach!
The bullfrog misses you.
You riposte.
Your unstable footing causes you to fumble your attack.
You slash the bullfrog!
The bullfrog is severely wounded.
The bullfrog hits you!
* * * LOW HITPOINT WARNING * * *
The leopard gecko bites you but does no damage.
The bullfrog hits you but does no damage.
You closely miss the bullfrog.
The bullfrog is severely wounded.
The leopard gecko bites you.
* * * LOW HITPOINT WARNING * * *
The bullfrog hits you!
You die...

≈.≈##≈.≈## ≈≈≈..≈≈≈##≈..##≈≈≈##
.≈≈#≈≈≈≈# ..?..≈≈≈#≈≈≈≈#†≈..#
≈≈≈#≈≈≈≈# .[($..≈#≈.≈≈#≈..∩#
≈≈≈#.≈≈≈# ≈!≈≈≈≈#≈≈.≈#†≈≈.#
≈.≈##≈≈≈## ≈.≈..#≈≈≈##≈≈≈##
≈≈≈≈#≈≈≈≈## †s≈.#†≈≈#≈≈≈≈#
#≈≈≈##≈≈..### #†≈##≈≈##.≈≈##
#≈≈≈.##..≈≈.#######≈≈#≈≈##≈≈≈≈#
##≈..≈###≈≈≈†≈≈≈@F†≈##††#≈≈≈≈##
##.≈†≈≈####≈≈≈≈≈l..#≈≈≈≈≈.≈##
##≈.≈†≈.≈#≈∩≈#######≈≈≈####
#####≈.≈≈#####≈≈.≈.#≈≈##
#∩≈≈####≈†.≈≈≈≈≈≈≈≈####
##≈...≈#########≈.≈#
###.∩†.≈≈≈≈.≈≈≈≈≈.#
#####.≈.≈≈≈≈≈≈.≈# #############


You could see a bullfrog and a leopard gecko.

Vanquished Creatures
  An ogre (D:4)
  A bullfrog (Sewer)
  A centaur skeleton (D:4)
  An orc wizard (D:4)
  7 adders
  9 oozes
  A worm (D:2)
  A dart slug (D:2)
  9 leopard geckos
  7 orcs
  11 ball pythons
  14 giant cockroaches
  5 hobgoblins
  15 jackals
  A quokka (D:2)
  4 bats
  11 frilled lizards
  4 goblins
  7 kobolds
  5 rats
  A spectral orc (D:2)
116 creatures vanquished.

Notes
Turn   | Place    | Note
-------+----------+-------------------------------------------
     0 | D:1      | Norian the Draconian Conjurer began the quest for the Orb.
     0 | D:1      | Reached XP level 1. HP: 14/14 MP: 3/3
   136 | D:1      | Reached XP level 2. HP: 19/20 MP: 0/5
   964 | D:2      | Reached XP level 3. HP: 26/26 MP: 4/7
  1051 | D:2      | Noticed Terence
  1514 | D:2      | Found a basalt altar of Yredelemnul.
  1643 | D:3      | Reached XP level 4. HP: 29/33 MP: 5/8
  1678 | D:3      | Found a bloodstained altar of Trog.
  1706 | D:3      | Found an iron altar of Okawaru.
  1742 | D:3      | Reached skill level 5 in Conjurations
  1795 | D:3      | Found a shimmering blue altar of Sif Muna.
  2042 | D:3      | Learned a level 4 spell: Iskenderun's Mystic Blast
  2047 | D:3      | Learned a level 4 spell: Fulminant Prism
  2055 | D:3      | Found a faded altar of an unknown god.
  2394 | D:4      | Found a staircase to the Ecumenical Temple.
  2406 | Temple   | Entered the Ecumenical Temple
  2567 | D:4      | Reached XP level 5. HP: 27/38 MP: 5/10
  2580 | D:4      | Found a burning altar of Makhleb.
  2617 | D:4      | Reached skill level 1 in Hexes
  2666 | D:4      | Noticed an ogre
  2673 | D:4      | Killed an ogre
  2753 | D:4      | Reached XP level 6. HP: 45/45 MP: 9/12
  2764 | D:4      | Found a glowing drain.
  2773 | Sewer    | Entered a sewer
  3040 | Sewer    | Reached skill level 6 in Conjurations
  3049 | Sewer    | HP: 3/67 [bullfrog (7)]
  3050 | Sewer    | Slain by a bullfrog

Levels and vault maps discovered:
D:1:      tarquinn_simple_flora_water_d, layout_basic, st_stairs_7
D:2:      layout_rooms, yredelemnul_forgotten_temple_becter, lemuel_round_altar,
          first_ration, serial_bayou, serial_bayou_ford_a, serial_bayou_pond_b,
          serial_bayou_crossing, serial_bayou_pond_a, uniq_terence
D:3:      layout_loops_ring, okawaru_ov_weapons_minmay, led_sif_pool,
          lemuel_round_altar, chequers_ecumenical_altar_island
D:4:      layout_rooms, lemuel_crystal_altar, minmay_temple_entry_purple_smoke,
          portal_sewer_entry_b
Temple:   pf_slime_end_temple
Sewer:    sewer_frog_island_02

Skill      XL: |  1  2  3  4  5  6 |
---------------+-------------------+-----
Spellcasting   | 3 4 |  4.5
Conjurations   | 5 6 |  6.0
Hexes          | 1 2 |  2.4
Dodging        | |  1.7
Stealth        | |  1.7

Action                   |  1- 3 |  4- 6 || total
-------------------------+-------+-------++-------
Melee: Unarmed           |    67 |       ||    67
       Tailslap          |     5 |     1 ||     6
       Club              |     2 |       ||     2
       Falchion          |       |    10 ||    10
 Cast: Magic Dart        |    93 |   182 ||   275
  Use: Potion            |     1 |     1 ||     2
  Eat: Chunk             |     3 |     1 ||     4
       Ration            |       |     1 ||     1
Armor: Skin              |    28 |    23 ||    51
Dodge: Dodged            |    74 |    47 ||   121
       Rpst.: Falchion   |       |    18 ||    18
